AoeStats
← Pinhead Larry

Arena

510937193Analyzed
3v3 RM · 16h ago on Oct 3, 2026· 55m 21s· 6 players
Game mode
Random Map
Map size
Normal (6 player)
Population
200
Speed
Normal
Resources
Standard
Victory
Conquest
Starting age
Dark Age
Ending age
Imperial Age
RankedLock teamsTeams togetherTeam positionsShared explorationLock speedFull tech treeHidden civsTurbo modeCheats
Victory
Defeat
🇨🇦 Bengalis · Canada
1118
+16
🇨🇱 Teutons · Chile
1083
+18
🇨🇳 Burgundians · China
1076
+18
1152
-18
🇲🇽 Dravidians · Mexico
1110
-17
🇲🇽 Persians · Mexico
1107
-17
Lumi.S
10:42 Feudal Age
14:29 Castle Age
12:56 Double-Bit Axe
13:44 Horse Collar
16:09 Bow Saw
22:22 Loom
22:31 Pikeman
24:16 Wheelbarrow
24:04 Gold Mining
29:32 Imperial Age
26:58 Fletching
28:31 Ballistics
28:12 Padded Archer Armor
28:29 Heavy Plow
28:46 Bodkin Arrow
29:52 Gold Shaft Mining
29:57 Devotion
31:03 Crop Rotation
31:35 Two-Man Saw
30:53 Hand Cart
31:53 Chemistry
33:06 Two-Man Saw
31:34 Elite Elephant Archer
32:55 Leather Archer Armor
32:36 Stone Mining
33:44 Paiks
33:06 Siege Elephant
33:54 Town Watch
34:44 Bloodlines
34:35 Husbandry
34:38 Bracer
34:50 Siege Engineers
35:00 Caravan
35:16 Guilds
36:06 Conscription
37:18 Ring Archer Armor
36:58 Forging
36:55 Scale Barding Armor
39:08 Light Cavalry
39:57 Caravan
39:48 Elite Battle Elephant
42:13 Chain Barding Armor
42:28 Iron Casting
42:09 Town Patrol
43:41 Plate Barding Armor
43:32 Murder Holes
48:44 Fortified Wall
49:47 Gambesons
50:05 Squires
49:50 Arson
49:37 Pikeman
50:46 Halberdier
52:29 Blast Furnace
51:29 Scale Mail Armor
51:31 Guard Tower
中国人万岁
8:03 Double-Bit Axe
10:48 Feudal Age
10:53 Horse Collar
11:55 Heavy Plow
12:06 Bow Saw
13:19 Gold Mining
19:06 Castle Age
18:24 Loom
19:58 Stone Mining
21:14 Two-Man Saw
22:48 Crop Rotation
23:42 Masonry
23:44 Fortified Wall
24:38 Treadmill Crane
28:03 Wheelbarrow
31:49 Imperial Age
30:47 Burgundian Vineyards
31:11 Ballistics
30:49 Murder Holes
31:10 Forging
31:06 Scale Barding Armor
33:24 Iron Casting
33:10 Chain Barding Armor
32:57 Husbandry
33:50 Fletching
35:05 Chemistry
34:35 Architecture
34:29 Hand Cart
34:02 Town Watch
34:40 Hand Cart
35:40 Blast Furnace
35:33 Conscription
35:47 Elite Coustillier
38:17 Plate Barding Armor
37:39 Bodkin Arrow
37:49 Town Patrol
49:30 Bracer
pegador
12:13 Feudal Age
14:41 Wheelbarrow
14:08 Double-Bit Axe
14:05 Horse Collar
14:21 Stone Mining
17:06 Castle Age
18:16 Hand Cart
18:03 Heavy Plow
18:14 Bow Saw
22:14 Fletching
24:31 Town Watch
26:44 Forging
29:09 Iron Casting
28:34 Scale Mail Armor
32:23 Imperial Age
29:59 Gold Mining
30:50 Stone Shaft Mining
30:20 Gambesons
30:35 Squires
30:20 Arson
32:40 Chain Mail Armor
32:21 Bodkin Arrow
32:28 Padded Archer Armor
32:15 Man-at-Arms
32:36 Elite Teutonic Knight
33:44 Conscription
33:32 Loom
33:47 Town Patrol
34:50 Blast Furnace
34:30 Plate Mail Armor
34:04 Bodkin Arrow
33:54 Long Swordsman
35:18 Crenellations
35:46 Leather Archer Armor
35:09 Onager
36:12 Heavy Scorpion
36:13 Capped Ram
37:52 Hoardings
36:47 Sappers
37:38 Ironclad
37:28 Scale Barding Armor
38:35 Chemistry
37:56 Ballistics
38:07 Siege Engineers
39:05 Ballistics
38:41 Arrowslits
40:03 Siege Onager
43:43 Ring Archer Armor
42:36 Two-Handed Swordsman
44:05 Champion
46:33 Guard Tower
46:54 Masonry
49:07 Pikeman
53:42 Keep
53:17 Fortified Wall
53:28 Bombard Tower
53:03 Halberdier
Picador Criminal Mutilador
11:26 Feudal Age
13:15 Double-Bit Axe
15:41 Castle Age
13:50 Loom
14:21 Scale Barding Armor
14:27 Horse Collar
15:20 Forging
16:59 Chain Barding Armor
22:56 Husbandry
25:20 Iron Casting
30:24 Imperial Age
27:41 Loom
28:32 Wheelbarrow
27:45 Town Watch
28:14 Bow Saw
28:32 Gold Mining
28:32 Stone Mining
28:43 Heavy Plow
29:37 Hand Cart
30:37 Gold Shaft Mining
30:37 Stone Shaft Mining
30:29 Heavy Scorpion
32:14 Chemistry
31:41 Siege Engineers
34:07 Blast Furnace
33:19 Town Patrol
32:51 Cavalier
34:21 Light Cavalry
35:47 Furor Celtica
36:28 Conscription
36:31 Fletching
37:05 Ballistics
36:56 Masonry
36:48 Murder Holes
38:04 Bodkin Arrow
38:07 Hussar
38:26 Pikeman
38:51 Gambesons
40:24 Padded Archer Armor
40:24 Scale Mail Armor
41:01 Hoardings
41:38 Leather Archer Armor
40:46 Halberdier
42:22 Chain Mail Armor
42:59 Halberdier
44:12 Plate Mail Armor
50:05 Fortified Wall
49:41 Arrowslits
Kuriboh
11:27 Feudal Age
16:33 Double-Bit Axe
19:31 Castle Age
17:13 Horse Collar
20:02 Gold Mining
23:25 Bow Saw
24:43 Wheelbarrow
23:58 Town Watch
25:32 Fortified Wall
25:27 Husbandry
27:09 Hand Cart
27:24 Ballistics
29:49 Stone Mining
30:50 Scale Mail Armor
35:47 Imperial Age
34:30 Heavy Plow
37:33 Two-Man Saw
37:41 Heavy Scorpion
52:04 Pikeman
52:49 Squires
52:36 Gambesons
Pinhead Larry
11:22 Feudal Age
19:01 Castle Age
18:12 Horse Collar
18:19 Double-Bit Axe
18:27 Gold Mining
18:28 Stone Mining
20:06 Loom
24:27 Fervor
31:10 Imperial Age
29:34 Forging
29:30 Scale Barding Armor
31:49 Iron Casting
34:00 Wheelbarrow
33:11 Town Watch
34:44 Hand Cart
34:48 Devotion
35:38 Gold Shaft Mining
35:38 Stone Shaft Mining
36:10 Elite War Elephant
37:06 Heavy Plow
37:21 Bow Saw
37:47 Conscription
38:55 Blast Furnace
37:48 Fletching
38:18 Chain Barding Armor
39:36 Town Patrol
40:07 Murder Holes
40:32 Ballistics
40:24 Masonry
40:44 Husbandry
41:45 Bloodlines
41:44 Bodkin Arrow
43:43 Elite Skirmisher
44:29 Thumb Ring
45:06 Crop Rotation
54:12 Heavy Camel Rider
54:44 Arson
54:59 Squires
54:45 Gambesons
54:20 Pikeman
55:06 Scale Mail Armor
Connection lost

Rejoining the realm…

Still unreachable

The connection could not be restored.

Session expired

The server has moved on; the page needs a fresh start.